 Dungeon Crawl Stone Soup version 0.28.0-49-g6dfe1f597d (webtiles) character file.

Game seed: 2401910941540299338

8987 mortz the Destroyer (level 11, -2/69 HPs)
             Began as a Human Conjurer on May 14, 2022.
             Was a Believer of Vehumet.
             Asphyxiated
             ... on level 10 of the Dungeon.
             The game lasted 01:18:17 (16138 turns).

mortz the Destroyer (Human Conjurer)               Turns: 16138, Time: 01:18:18

Health: -2/69      AC: 16    Str:  8    XL:     11   Next: 66%
Magic:  5/22       EV: 28    Int: 23    God:    Vehumet [**....]
Gold:   827        SH:  0    Dex: 11    Spells: 8/25 levels left

rFire   . . .      SeeInvis .   L - +4 flail (freeze) {mace}
rCold   + . .      Faith    .   (no shield)
rNeg    . . .      Spirit   .   M - +0 steam dragon scales
rPois   .          Reflect  .   B - +2 helmet
rElec   .          Harm     .   o - +2 cloak
rCorr   .          Rampage  .   H - +1 pair of gloves {hurl}
Will    .....                   K - +1 pair of boots
Stlth   ++........              m - amulet of the acrobat
HPRegen 0.21/turn               P - ring of protection from cold
MPRegen 0.18/turn               (no ring)

@: lethally poisoned (-2 -> -15), acrobatic, slowed, very slow
A: no striking features
a: Renounce Religion


You were on level 10 of the Dungeon.
You worshipped Vehumet.
Vehumet was pleased with you.
You visited 2 branches of the dungeon, and saw 11 of its levels.
You also visited: Ossuary.

You collected 827 gold pieces.


   Skills:
 + Level 0.9 Fighting
 + Level 0.2 Short Blades
 + Level 2.8 Maces & Flails
 + Level 4.4 Armour
 + Level 5.1 Dodging
 + Level 3.4 Stealth
 + Level 7.6 Spellcasting
 + Level 8.1 Conjurations
 * Level 5.0 Translocations
 * Level 4.3 Transmutations
 * Level 3.4 Fire Magic
 * Level 5.5 Air Magic
 * Level 5.7 Poison Magic
 + Level 0.2 Evocations


You had 8 spell levels left.
You knew the following spells:

 Your Spells              Type           Power      Damage    Failure   Level
a - Magic Dart            Conj           100%       1d8       1%          1
b - Searing Ray           Conj           92%        2d7       1%          2
c - Mephitic Cloud        Conj/Pois/Air  38%        N/A       1%          3
d - Ignite Poison         Fire/Tmut/Pois 29%        N/A       3%          3
e - Iskenderun's Mystic   Conj/Tloc      39%        2d9       4%          4
f - Flame Wave            Conj/Fire      35%        2d8       7%          4

Your spell library contained the following spells:

 Spells                   Type           Power      Damage    Failure   Level
 Poisonous Vapours        Pois/Air       68%        N/A       1%          2
 Scorch                   Fire           48%        2d7       2%          2
 Dazzling Flash           Conj/Hex       54%        N/A       4%          3
 Slow                     Hex            32%        N/A       8%          1
 Call Imp                 Summ           8%         N/A       11%         2
 Sublimation of Blood     Necr           8%         N/A       11%         2
 Fulminant Prism          Conj/Hex       13%        3d9       14%         4
 Irradiate                Conj/Tmut      18%        3d20      16%         5
 Confusing Touch          Hex            8%         N/A       22%         3
 Vampiric Draining        Necr           8%         2d6       22%         3
 Petrify                  Tmut/Erth      18%        N/A       30%         4
 Freezing Cloud           Conj/Ice/Air   14%        6-21      30%         5
 Yara's Violent Unravell  Hex/Tmut       9%         3d6       63%         5
 Summon Cactus Giant      Summ           4%         N/A       100%        6
 Enfeeble                 Hex            4%         N/A       100%        7

Inventory:

Hand Weapons
 a - a +2 hand axe of electrocution {axe}
   (You took it off an orc on level 7 of the Dungeon)
 p - a +2 flail of holy wrath {mace}
   (You took it off an orc on level 3 of the Dungeon)
 s - a +2 flail of protection {mace}
   (You took it off a gnoll on level 8 of the Dungeon)
 J - a +3 falchion of freezing {long}
   (You took it off a wight on level 6 of the Dungeon)
 L - a +4 flail of freezing (weapon) {mace}
   (You took it off a wight on level 6 of the Dungeon)
 N - a +2 hand axe of flaming {axe}
   (You took it off an orc on level 6 of the Dungeon)
Missiles
 x - 3 curare-tipped darts {=fthrowing}
 D - 33 poisoned darts {throwing}
Armour
 o - a +2 cloak (worn)
   (You took it off Crazy Yiuf on level 2 of the Dungeon)
 B - a +2 helmet (worn)
   (You found it on level 4 of the Dungeon)
 H - a +1 pair of gloves of hurling (worn)
   (You found it on level 5 of the Dungeon)
 K - a +1 pair of boots (worn)
   (You found it on level 6 of the Dungeon)
 M - +0 steam dragon scales (worn)
   (You found it on level 9 of the Dungeon)
Magical Staves
 F - a staff of poison {!astaff}
   (You found it on level 5 of the Dungeon)
Jewellery
 m - an amulet of the acrobat (around neck)
   (You found it on level 2 of the Dungeon)
 P - a ring of protection from cold (left hand)
   (You found it on level 6 of the Dungeon)
Wands
 c - a wand of charming (1)
   (You found it on level 7 of the Dungeon)
 g - a wand of acid (2)
   (You found it on level 7 of the Dungeon)
 C - a wand of polymorph (4)
   (You found it on level 8 of the Dungeon)
 I - a wand of paralysis (2)
   (You found it on level 8 of the Dungeon)
 O - a wand of flame (20)
   (You found it on level 6 of the Dungeon)
Scrolls
 b - a scroll of enchant weapon {unknown}
 e - a scroll of immolation {unknown}
 f - a scroll of blinking {unknown}
 h - a scroll of fear {unknown}
 l - 2 scrolls of silence {unknown}
 n - a scroll of brand weapon
 u - a scroll of amnesia
 w - a scroll of magic mapping {!r}
 y - a scroll of teleportation {unknown}
 E - a scroll of fog {unknown}
Potions
 d - a potion of ambrosia
 i - 2 potions of curing {@q1}
 j - a potion of might
 k - 2 potions of heal wounds {@q2}
 q - 2 potions of magic
 r - a potion of flight {unknown}
 t - 2 potions of attraction {!q}
 v - 2 potions of brilliance
 z - a potion of lignification {!q}
 A - a potion of invisibility
 G - a potion of cancellation

Dungeon Overview and Level Annotations

Branches:
Dungeon (10/15)            Temple (1/1) D:7            Lair (0/6) D:10
    Orc (0/2) D:9         Ossuary (visited)

Altars:
Ashenzari
Cheibriados
Dithmenos
Elyvilon
Fedhas
Gozag
Hepliaklqana
Kikubaaqudgha
Makhleb
Nemelex Xobeh
Okawaru
Qazlal
Ru
Sif Muna
Trog
Uskayaw
Vehumet
Wu Jian
Xom
Yredelemnul
Zin
The Shining One

Portals:
Trove: D:10 (give +6 demon blade)

Annotations:
D:5 Edmund

#######.# .#.# ##..
........# ##. ###.# #..
######### #.. #.. #####.
.... ###.###'## #..... ###
#........# ######.....
#........###..........
.#####...?(...K.oK####.....
.....#.(......######...o..♣
#.#..))@...# #.#♣K..P
#.#..).....# #....... #
#####.#.#####..# #...P...
#. #.()..#.######.###
#P.oK.♣.
#..##.#####.##.......#
#....... #...[#
#o########.# #.K.....
######o##
#..'...#.K.####♣...♣..
........#
#o##.#.#.#.'.##.P.....
........####.##.#
#.#.#..#...)...


You could see an orc knight, a kobold brigand and a kobold.


Message History

You take 4 damage, and now have 65/69 hp.
You lost 2 mp, and now have 2/22 mp.
The searing ray misses the orc knight.
The orc knight barely misses you. 😕 MP[-1]
You lost 1 mp, and now have 1/22 mp.
The searing ray hits the orc knight but does no damage.
The orc knight closely misses you.
The searing ray misses the orc knight.
You finish channelling your searing ray.
The orc knight closely misses you. 😕 HP[+1] MP[-1]
You lost 1 mp, and now have 0/22 mp.
You hit the orc knight but do no damage.
The kobold throws a stone.
The stone barely misses you.
The orc knight hits you with a +0 long sword!
The kobold throws a stone.
The stone hits you.
The orc knight hits you with a +0 long sword! 😮 HP[-16]
You take 16 damage, and now have 50/69 hp.
MASSIVE DAMAGE!! (PAUSE)
You barely miss the orc knight.
The kobold throws a stone.
The stone closely misses you.
The orc knight hits you with a +0 long sword!!
* * * LOW HITPOINT WARNING * * *
😨 HP[-20]
You take 20 damage, and now have 30/69 hp.
MASSIVE DAMAGE!! (PAUSE)
The kobold throws a stone.
The stone closely misses you. 😨 HP[+1] MP[+1]
The orc knight throws a stone.
The stone hits you!
* * * LOW HITPOINT WARNING * * *
😨 HP[-12]
You take 12 damage, and now have 19/69 hp. 😨 HP[+1]
The orc knight throws a stone.
The stone hits you but does no damage.
There is an open door here. 😨 MP[+1]
Casting: Searing Ray (safe; 1% risk of failure)
Confirm with . or Enter, or press ? or * to list all spells.
Aiming: Searing Ray (safe; 1% risk of failure)
Press: ? - help, Shift-Dir - straight line, f/p - orc knight
Aim: an orc knight, wielding a +0 long sword, wearing a +0 plate armour and quivering stones (almost dead, 82% to hit)
The searing ray hits the orc knight! (Press . to maintain the ray.)
The orc knight throws a stone.
The stone hits you but does no damage. 😨 MP[-2]
You lost 2 mp, and now have 0/22 mp.
There is an open door, spattered with blood here. 😨 HP[+1] 😨 MP[+1]
The orc knight throws a stone.
The stone closely misses you. The kobold brigand misses you.
The kobold brigand completely misses you. 😨 HP[+1]
The kobold brigand throws a curare-tipped dart.
The curare-tipped dart closely misses you. 😨 MP[+1]
The kobold brigand throws a curare-tipped dart.
The curare-tipped dart closely misses you. 😨 HP[+1] 😨 MP[+1] 😨 HP[+1]
The kobold brigand throws a curare-tipped dart.
The curare-tipped dart hits you.
You are poisoned.
You have difficulty breathing.
* * * LOW HITPOINT WARNING * * *
You feel yourself slow down. 😨 HP[-6]
You take 6 damage, and now have 18/69 hp.
You feel very sick. 😱 HP[-4]
You take 4 damage, and now have 14/69 hp.
You feel very sick.
The kobold brigand throws a curare-tipped dart.
The curare-tipped dart misses you. 😱 HP[-2] MP[+1]
You take 2 damage, and now have 12/69 hp.
You feel sick. 😱 HP[-2]
You take 2 damage, and now have 10/69 hp.
You feel sick.
There is an open door here. 😱 HP[-1]
You take 1 damage, and now have 9/69 hp.
You feel sick.
The kobold brigand throws a curare-tipped dart.
The curare-tipped dart completely misses you.
The orc knight throws a stone.
The stone completely misses you. 😱 HP[-1]
You take 1 damage, and now have 8/69 hp.
You feel sick.
You are no longer poisoned. 😱 HP[-1] MP[+1]
You take 1 damage, and now have 7/69 hp.
The kobold brigand throws a curare-tipped dart.
The curare-tipped dart hits you.
You are lethally poisoned!
You have difficulty breathing.
You die...

Skill      XL: |  1  2  3  4  5  6  7  8  9 10 11 |
---------------+----------------------------------+-----
Spellcasting   | 3 4 5 6 7 |  7.6
Conjurations   | 5 6 7 8 |  8.1
Maces & Flails | 1 2 |  2.8
Air Magic      | 1 2 3 5 |  5.5
Armour         | 1 3 4 |  4.4
Poison Magic   | 1 2 4 5 |  5.7
Translocations | 1 3 4 5 |  5.0
Dodging        | 3 4 5 |  5.1
Stealth        | 3 |  3.4
Fire Magic     | 2 3 |  3.4
Transmutations | 2 4 |  4.3
Fighting       | |  0.9
Short Blades   | |  0.2
Evocations     | |  0.2

Action                   |  1- 3 |  4- 6 |  7- 9 | 10-12 || total
-------------------------+-------+-------+-------+-------++-------
Melee: Short sword       |    11 |       |       |       ||    11
       Punch             |     1 |       |     1 |     1 ||     3
       Mace              |     2 |     5 |    14 |       ||    21
       Flail             |       |       |       |    35 ||    35
 Cast: Magic Dart        |    34 |    48 |    69 |   117 ||   268
       Searing Ray       |    10 |    20 |    84 |    94 ||   208
       Iskenderun's Myst |       |       |       |    50 ||    50
       Mephitic Cloud    |       |       |       |    26 ||    26
       Ignite Poison     |       |       |       |     2 ||     2
Evoke: Wand              |       |       |       |     1 ||     1
  Use: Scroll            |       |     3 |     8 |     6 ||    17
       Potion            |       |       |     2 |     1 ||     3
 Stab: Confused          |       |       |       |     1 ||     1
Armor: Robe              |     7 |     1 |       |       ||     8
       Leather armour    |       |     3 |    31 |    24 ||    58
       Steam dragon scal |       |       |       |    22 ||    22
Dodge: Dodged            |    12 |    11 |   108 |   199 ||   330

Levels and vault maps discovered:
D:1:      dpeg_arrival_long_road, layout_loops_ring,
          minmay_misc_feat_more_columns
D:2:      layout_basic, hellmonk_ecumenical_altar_prayer_group,
          uniq_crazy_yiuf_cottage
D:3:      minmay_inner_zag, layout_rooms, minmay_stone_trees_medium,
          chequers_avenue, minmay_tree_intersection, patterned_corridor
D:4:      layout_loops_ring, nicolae_ossuary_entry_ruins
D:5:      minmay_clustersquares, layout_rooms, glass_columns_b, uniq_edmund
D:6:      layout_rooms, amcnicky_altar_gilded, chequers_decorated_corner
D:7:      kennysheep_six_static_rooms, layout_cave_pools,
          minmay_temple_entry_glass
D:8:      layout_loops_ring, mainiacjoe_overflow_catch_the_wave,
          mainiacjoe_overflow_six_doors_small, serial_bayou,
          serial_bayou_shore_a, serial_bayou_pond_a, serial_bayou_lagoon_b,
          serial_bayou_pond_c
D:9:      layout_loops_ring, david_orc_4
D:10:     layout_roguey [special_room_kobold], minmay_lair_entry_grove,
          serial_co_window_serial, co_window_paths_b,
          co_window_of_opportunity_a, co_window_paths_a, co_window_paths_a,
          co_window_paths_b, co_window_of_opportunity_b,
          co_window_unsneaky_path_d, co_window_broadway_a,
          co_window_of_opportunity_c, co_window_of_opportunity_c,
          co_window_cross_2, glass_columns_a, glass_columns_b, glass_columns_c,
          glass_columns_a, enter_trove_1
Temple:   hc_temple_tempest_star

Notes
Turn   | Place    | Note
-------+----------+-------------------------------------------
     0 | D:1      | mortz the Human Conjurer began the quest for the Orb.
     0 | D:1      | Reached XP level 1. HP: 13/13 MP: 3/3
     0 | D:1      | magus.rc [v1.9.6]
   174 | D:1      | Reached XP level 2. HP: 19/19 MP: 0/5
   263 | D:1      | Learned a level 2 spell: Searing Ray
   632 | D:1      | Reached XP level 3. HP: 24/24 MP: 0/6
  1378 | D:2      | Found a runed translucent door.
  1379 | D:2      | Noticed Crazy Yiuf
  1395 | D:2      | Noticed a black bear
  1400 | D:2      | Killed a black bear
  1401 | D:2      | Reached skill level 3 in Spellcasting
  1401 | D:2      | Reached skill level 5 in Conjurations
  1401 | D:2      | Reached XP level 4. HP: 30/30 MP: 1/8
  1401 | D:2      | Reached XP level 5. HP: 35/35 MP: 1/9
  1853 | D:2      | Found a faded altar of an unknown god.
  1963 | D:2      | Killed Crazy Yiuf
  2357 | D:3      | Reached XP level 6. HP: 41/41 MP: 7/10
  2434 | D:3      | Reached skill level 1 in Maces & Flails
  2439 | D:3      | You pick up a book of Scorching and begin reading...
  2439 | D:3      | You add the spells Scorch, Flame Wave and Summon Cactus
                  | Giant to your library.
  2569 | D:3      | You add the spells Ignite Poison, Mephitic Cloud and
                  | Freezing Cloud to your library.
  3135 | D:4      | Found a sand-covered staircase.
  3140 | Ossuary  | Entered an ossuary
  3463 | Ossuary  | Reached skill level 1 in Air Magic
  3463 | Ossuary  | Reached XP level 7. HP: 47/47 MP: 7/12
  3584 | Ossuary  | Reached skill level 6 in Conjurations
  3640 | Ossuary  | Reached skill level 1 in Armour
  3900 | D:4      | Reached skill level 1 in Poison Magic
  4570 | D:4      | Reached skill level 2 in Air Magic
  4688 | D:4      | Reached skill level 4 in Spellcasting
  4688 | D:4      | Reached XP level 8. HP: 53/53 MP: 5/14
  4703 | D:4      | Reached skill level 2 in Armour
  4949 | D:5      | Entered Level 5 of the Dungeon
  4964 | D:5      | HP: 12/53 [poisoned by an orc]
  4966 | D:5      | HP: 4/53 [orc/+0 dagger of venom (2)]
  5223 | D:5      | You pick up a book of Alchemy and begin reading...
  5223 | D:5      | You add the spells Sublimation of Blood, Petrify and
                  | Irradiate to your library.
  5367 | D:5      | Noticed Edmund
  5397 | D:5      | Reached skill level 1 in Translocations
  5397 | D:5      | Reached skill level 2 in Poison Magic
  5799 | D:5      | Reached skill level 3 in Air Magic
  5801 | D:5      | Reached skill level 2 in Maces & Flails
  5806 | D:5      | You pick up a book of Debilitation and begin reading...
  5806 | D:5      | You add the spells Slow, Vampiric Draining and Confusing
                  | Touch to your library.
  5811 | D:5      | Learned a level 3 spell: Mephitic Cloud
  5832 | D:5      | Reached skill level 3 in Armour
  5832 | D:5      | Reached skill level 3 in Dodging
  5832 | D:5      | Reached skill level 3 in Stealth
  5941 | D:5      | Reached XP level 9. HP: 58/58 MP: 6/15
  6167 | D:5      | Reached skill level 2 in Translocations
  6235 | D:5      | Reached skill level 3 in Poison Magic
  6497 | D:6      | Reached skill level 5 in Spellcasting
  6499 | D:6      | Reached skill level 1 in Fire Magic
  6761 | D:6      | Reached skill level 4 in Poison Magic
  6832 | D:6      | Found a burning altar of Makhleb.
  7021 | D:6      | Reached skill level 4 in Dodging
  7223 | D:6      | magus.rc [v1.9.6]
  7360 | D:7      | Reached skill level 1 in Transmutations
  7367 | D:7      | Reached skill level 2 in Fire Magic
  7641 | D:7      | Found a staircase to the Ecumenical Temple.
  7650 | Temple   | Entered the Ecumenical Temple
  7669 | Temple   | Became a worshipper of Vehumet
  8104 | D:7      | Reached skill level 3 in Translocations
  8361 | D:7      | You pick up a book of Misfortune and begin reading...
  8361 | D:7      | You add the spells Yara's Violent Unravelling and Enfeeble
                  | to your library.
  8476 | D:7      | Reached skill level 2 in Transmutations
  8533 | D:7      | Reached skill level 7 in Conjurations
  8808 | D:8      | Reached XP level 10. HP: 64/64 MP: 7/18
  8908 | D:8      | Found a sacrificial altar of Ru.
  9128 | D:8      | Reached skill level 4 in Air Magic
  9718 | D:8      | Found a shimmering altar of Xom.
  9809 | D:8      | Found a snail-covered altar of Cheibriados.
 10177 | D:8      | Reached skill level 6 in Spellcasting
 10479 | D:9      | Noticed a kobold demonologist
 10489 | D:9      | Noticed a rust devil
 10837 | D:9      | Learned a level 3 spell: Ignite Poison
 10842 | D:9      | Learned a level 4 spell: Iskenderun's Mystic Blast
 10847 | D:9      | Learned a level 4 spell: Flame Wave
 10905 | D:9      | Noticed a two-headed ogre
 10943 | D:9      | Killed a two-headed ogre
 10944 | D:9      | Reached skill level 4 in Armour
 10944 | D:9      | Reached skill level 3 in Fire Magic
 11109 | D:9      | Noticed a smoke demon
 11596 | D:9      | Reached skill level 4 in Translocations
 11982 | D:9      | Reached skill level 5 in Air Magic
 12014 | D:9      | Reached * piety under Vehumet
 12014 | D:9      | Offered knowledge of Shock by Vehumet.
 12381 | D:9      | Found a staircase to the Orcish Mines.
 12432 | D:10     | Entered Level 10 of the Dungeon
 12432 | D:10     | Noticed an orc knight
 12578 | D:10     | Reached XP level 11. HP: 69/69 MP: 12/21
 12656 | D:10     | Reached skill level 5 in Poison Magic
 12668 | D:10     | Reached skill level 3 in Transmutations
 12904 | D:10     | Reached skill level 7 in Spellcasting
 13303 | D:10     | Found a staircase to the Lair.
 13390 | D:10     | Found a portal to a secret trove of treasure.
 13398 | D:10     | This trove needs a +6 demon blade to function. Give it the
                  | item?
 13432 | D:10     | Noticed a two-headed ogre
 13906 | D:10     | Noticed a two-headed ogre
 13920 | D:10     | Killed a two-headed ogre
 13921 | D:10     | Reached skill level 5 in Dodging
 13921 | D:10     | Reached skill level 8 in Conjurations
 14041 | D:10     | You pick up a book of Minor Magic and begin reading...
 14782 | D:10     | Reached skill level 4 in Transmutations
 14794 | D:10     | Offered knowledge of Poisonous Vapours by Vehumet.
 14794 | D:10     | Reached ** piety under Vehumet
 15080 | D:10     | Reached skill level 5 in Translocations
 16131 | D:10     | HP: 14/69 [poisoned by a kobold brigand (curare-tipped
                  | dart)]
 16136 | D:10     | HP: 7/69 [poisoned by a kobold brigand (curare-tipped
                  | dart)]
 16138 | D:10     | Asphyxiated

Vanquished Creatures
  2 two-headed ogres
  2 kobold demonologists
  A hornet (D:8)
  A shadow (D:10)
  A wyvern (D:10)
  A steam dragon (D:9)
  3 basilisks
  A warg (D:9)
  3 water moccasins (D:10)
  A hornet zombie (D:8)
  6 orc warriors
  2 sky beasts
  6 black bears
  2 ogres
  A wolf (D:10)
  6 centaurs
  2 phantoms
  14 kobold brigands
  A bullfrog (D:6)
  2 gnoll sergeants
  4 scorpions
  2 wyvern zombies
  2 water moccasin skeletons (D:4)
  8 wights
  6 killer bees (D:9)
  7 electric eels (D:8)
  A centaur zombie (D:8)
  A bullfrog zombie (D:6)
  5 hounds
  3 jellies (D:5)
  6 orc priests
  Crazy Yiuf (D:2)
  2 bullfrog skeletons (D:5)
  2 iguanas
  4 orc wizards
  2 hound zombies (D:5)
  8 mummies (Ossuary)
  2 hound skeletons (D:5)
  5 gnolls (D:8)
  4 adders
  A shadow imp (D:8)
  3 white imps
  A worm (D:2)
  3 dart slugs
  34 orcs
  8 endoplasms
  5 giant cockroaches
  2 gnoll zombies (Ossuary)
  7 goblins
  10 hobgoblins
  4 jackals (D:1)
  18 kobolds
  2 quokkas
  9 ball pythons
  4 bats
  3 frilled lizards
  4 hobgoblin zombies (Ossuary)
  2 orc zombies (Ossuary)
  6 rats
259 creatures vanquished.

Vanquished Creatures (others)
  6 fungi
  37 plants
43 creatures vanquished.

Grand Total: 302 creatures vanquished

Table legend:
 A = Non-vault XP
 B = Vault XP
 C = Vault XP percentage of total XP
 D = Non-vault monster count
 E = Vault monster count
 F = Vault count percentage of total count
                 A         B        C        D         E       F
            +---------+---------+-------+---------+---------+-------
      Total |    7964 |    4875 |  38.0 |     173 |      86 |  33.2
            +---------+---------+-------+---------+---------+-------
        D:1 |      46 |       0 |   0.0 |      28 |       0 |   0.0
        D:2 |     152 |      47 |  23.6 |      13 |       5 |  27.8
        D:3 |      91 |       5 |   5.2 |      20 |       3 |  13.0
        D:4 |     623 |       0 |   0.0 |      20 |       0 |   0.0
        D:5 |     536 |     488 |  47.7 |      15 |      11 |  42.3
        D:6 |     884 |       0 |   0.0 |      14 |       0 |   0.0
        D:7 |     682 |     173 |  20.2 |      12 |       6 |  33.3
        D:8 |    1124 |       0 |   0.0 |      19 |       0 |   0.0
        D:9 |    2253 |     887 |  28.2 |      21 |      16 |  43.2
       D:10 |    1573 |    3122 |  66.5 |      11 |      29 |  72.5
    Ossuary |       0 |     153 | 100.0 |       0 |      16 | 100.0
            +---------+---------+-------+---------+---------+-------

Illustrated notes

Table legend:
 A = Kills in this place as a percentage of kills in entire the game.
 B = Kills by you in this place as a percentage of kills by you in the entire game.
 C = Kills by friends in this place as a percentage of kills by friends in the entire game.
 D = Other kills in this place as a percentage of other kills in the entire game.
 E = Experience gained in this place as a percentage of experience gained in the entire game.
 F = Experience gained in this place divided by the number of levels of this place that you have seen.
                   A       B       C       D       E      F
               +-------+-------+-------+-------+-------+----------------------
         Total | 100.0 | 100.0 |   N/A | 100.0 | 100.0 | 1069.9
       Dungeon |  93.8 |  93.7 |   N/A | 100.0 |  98.8 | 1268.6
       Ossuary |   6.2 |   6.3 |   N/A |   0.0 |   1.2 | 153.0
               +-------+-------+-------+-------+-------+----------------------

Table legend: (Time is in decaauts)
 A = Elapsed time spent in this place.
 B = Non-inter-level travel time spent in this place.
 C = Inter-level travel time spent in this place.
 D = Time resting spent in this place.
 E = Time spent auto-exploring this place.
 F = Levels seen in this place.
 G = Mean time per level.
                   A        B        C        D        E       F      G
               +--------+--------+--------+--------+--------+-----+--------+
         Total |  16219 |  15754 |    465 |   4369 |   8530 |  12 | 1351.6 |
       Dungeon |  15100 |  14658 |    442 |   3941 |   8094 |  10 | 1510.0 |
        Temple |    406 |    383 |     23 |      0 |    356 |   1 |  406.0 |
       Ossuary |    711 |    711 |      0 |    428 |     80 |   1 |  711.0 |
               +--------+--------+--------+--------+--------+-----+--------+

Top non-repeatable levels by time:
     D:9: 3247 daAuts
     D:8: 2379 daAuts
    D:10: 1699 daAuts
     D:5: 1296 daAuts
     D:7: 1222 daAuts
     D:4: 1202 daAuts
     D:1: 1173 daAuts
     D:6: 1016 daAuts
     D:3: 1005 daAuts
     D:2: 857 daAuts
 Ossuary: 711 daAuts
  Temple: 406 daAuts
